 Dungeon Crawl Stone Soup version 0.24-a0-619-gb7544fd237 (webtiles) character file.

Game seed: 2554030541482260640, levelgen mode: deterministic

30 Oninnaise the Chopper (level 3, -4/29 HPs)
             Began as a Demonspawn Chaos Knight on Sept 17, 2019.
             Was a Plaything of Xom.
             Slain by a gnoll
             ... wielding a +0 club
              (6 damage)
             ... on level 2 of the Dungeon.
             The game lasted 00:02:00 (1146 turns).

Oninnaise the Chopper (Demonspawn Chaos Knight)     Turns: 1146, Time: 00:02:01

Health: -4/29      AC:  5    Str: 13      XL:     3   Next: 3%
Magic:  3/3        EV: 11    Int: 12 (13) God:    Xom [......]
Gold:   54         SH:  0    Dex: 12      Spells: 2/2 levels left

rFire    . . .     SeeInvis .   a - +0 hand axe (chaos)
rCold    . . .     Gourm    .   (no shield)
rNeg     . . .     Faith    .   b - +2 leather armour
rPois    .         Spirit   .   (no helmet)
rElec    .         Reflect  .   (no cloak)
rCorr    .         Harm     .   (no gloves)
MR       .....                  (no boots)
Stlth    +.........             (no amulet)
HPRegen  0.09/turn              (no ring)
MPRegen  0.08/turn              (no ring)

@: confused
A: rot immunity
a: Renounce Religion


You were on level 2 of the Dungeon.
You worshipped Xom.
You were a very special plaything of Xom.
You were not hungry.

You visited 1 branch of the dungeon, and saw 2 of its levels.

You collected 54 gold pieces.

Inventory:

Hand Weapons
 a - a +0 hand axe of chaos (weapon)
Armour
 b - a +2 leather armour (worn)
Scrolls
 c - a scroll of identify {unknown}
 h - 2 scrolls of teleportation {unknown}
 j - a scroll of amnesia {unknown}
Potions
 d - a potion of degeneration {unknown}
 e - 2 potions of brilliance {unknown}
 f - 2 potions of heal wounds {unknown}
 g - 2 potions of curing {unknown}
 i - a potion of resistance {unknown}


   Skills:
 - Level 3.0 Fighting
 + Level 3.8 Axes
 - Level 1.7 Armour
 - Level 0.8 Dodging


You had 2 spell levels left.
You didn't know any spells.
Your spell library was empty.

Dungeon Overview and Level Annotations

Branches:
Dungeon (2/15)

Altars:


Innate Abilities, Weirdness & Mutations

You are immune to rotting.


Message History

You are too injured to fight recklessly!
You are too injured to fight recklessly!
You are too injured to fight recklessly!
You are too injured to fight recklessly!
You are too injured to fight recklessly!
You are too injured to fight recklessly!
You are too injured to fight recklessly!
You are too injured to fight recklessly!
You are too injured to fight recklessly!
You're too confused to move!
The gnoll hits you with a +0 flail!
* * * LOW HITPOINT WARNING * * *
You hit the gnoll.
The gnoll is heavily wounded.
The gnoll barely misses you.
You bump into the rock wall.
You hit the gnoll. You freeze the gnoll.
The gnoll is heavily wounded.
The gnoll hits you with a +0 club.
You die...
Xom thinks this is hilarious!

.......#.†....#
.......#......#
.......<......#
....$.....<...#
..........(...#
........#######
.......%...#
..#####.#### #
#@# #g# #g# #g#
.g. ... ...
.....


You could see 4 gnolls.

Vanquished Creatures
  3 dart slugs (D:1)
  2 leopard geckos (D:1)
  6 hobgoblins (D:1)
  2 jackals (D:2)
  2 bats (D:1)
  A frilled lizard (D:1)
  2 goblins (D:2)
  3 rats (D:1)
21 creatures vanquished.

Notes
Turn   | Place    | Note
-------+----------+-------------------------------------------
     0 | D:1      | Oninnaise the Demonspawn Chaos Knight began the quest for
                  | the Orb.
     0 | D:1      | Reached XP level 1. HP: 18/18 MP: 1/1
    57 | D:1      | XOM: divination: detect creatures
   100 | D:1      | XOM: 5-stop teleportation journey
   124 | D:1      | XOM: smoke on damage
   571 | D:1      | Gained mutation: You are immune to rotting. [demonic
                  | ancestry]
   571 | D:1      | Reached XP level 2. HP: 16/24 MP: 2/2
  1069 | D:1      | XOM: stat loss: -1 Int (12/13)
  1122 | D:2      | Reached XP level 3. HP: 29/29 MP: 3/3
  1142 | D:2      | XOM: confusion
  1146 | D:2      | Slain by a gnoll

Levels and vault maps discovered:
D:1:      shiori_arrival_elements, layout_basic
D:2:      layout_basic, old_standard_altar, chequers_ecumenical_altar_grove,
          uniq_jessica

Skill      XL: |  1 |
---------------+----+-----
Axes           | 3 |  3.8
Fighting       | |  3.0
Armour         | |  1.7
Dodging        | |  0.8

Action                   || total
-------------------------++-------
Melee: Hand axe          ||    70
  Eat: Ration            ||     1
Armor: Leather armour    ||    29
Dodge: Dodged            ||    53

Table legend:
 A = Non-vault XP
 B = Vault XP
 C = Vault XP percentage of total XP
 D = Non-vault monster count
 E = Vault monster count
 F = Vault count percentage of total count
                 A         B        C        D         E       F
            +---------+---------+-------+---------+---------+-------
      Total |      43 |       0 |   0.0 |      21 |       0 |   0.0
            +---------+---------+-------+---------+---------+-------
        D:1 |      36 |       0 |   0.0 |      17 |       0 |   0.0
        D:2 |       7 |       0 |   0.0 |       4 |       0 |   0.0
            +---------+---------+-------+---------+---------+-------
